[ PARTIDA AOE2 · #483674754 ]
UnrankedSarracenos vs Sicilians
[ ANÁLISIS DE REPETICIÓN · EXTRAÍDO DE LA PARTIDA GRABADA ]
Feudal
13:21
Castillos
—
Imperial
—
| APM promedio | 26.4 |
| APM pico | 84 |
| eAPM promedio | 8.7 |
| Aldeanos / militares | 43 / 5 |
Foco
⚔️ 15.8% · 🌾 84.2%
Scout Cavalry ×5
Feudal
11:53
Castillos
—
Imperial
—
| APM promedio | 42.6 |
| APM pico | 72 |
| eAPM promedio | 15.3 |
| Aldeanos / militares | 36 / 10 |
Foco
⚔️ 10.4% · 🌾 89.6%
Scout Cavalry ×10
Feudal
10:10
Castillos
—
Imperial
—
| APM promedio | 33.1 |
| APM pico | 61 |
| eAPM promedio | 16.7 |
| Aldeanos / militares | 47 / 8 |
Foco
⚔️ 15.5% · 🌾 84.5%
Scout Cavalry ×8
Feudal
13:50
Castillos
—
Imperial
—
| APM promedio | 12.4 |
| APM pico | 30 |
| eAPM promedio | 8.4 |
| Aldeanos / militares | 39 / 5 |
Foco
⚔️ 6.8% · 🌾 93.2%
Unknown (2550) ×7 · Spearman ×5
Feudal
10:36
Castillos
—
Imperial
—
| APM promedio | 23.6 |
| APM pico | 62 |
| eAPM promedio | 8.9 |
| Aldeanos / militares | 38 / 6 |
Foco
⚔️ 17.6% · 🌾 82.4%
Skirmisher ×6
Feudal
10:11
Castillos
—
Imperial
—
| APM promedio | 43.8 |
| APM pico | 79 |
| eAPM promedio | 19.7 |
| Aldeanos / militares | 49 / 35 |
Foco
⚔️ 30.1% · 🌾 69.9%
Archer ×35
Feudal
12:28
Castillos
—
Imperial
—
| APM promedio | 8.5 |
| APM pico | 25 |
| eAPM promedio | 7.0 |
| Aldeanos / militares | 47 / 0 |
Foco
⚔️ 4.7% · 🌾 95.3%
Feudal
9:22
Castillos
—
Imperial
—
| APM promedio | 45.5 |
| APM pico | 74 |
| eAPM promedio | 16.3 |
| Aldeanos / militares | 50 / 22 |
Foco
⚔️ 20.7% · 🌾 79.3%
Archer ×20 · Spearman ×2
Mapa de la partida
Recursos iniciales + cada clic de construcción. Líneas = muros · curvas = relieve. ◆ oro · ⬟ piedra · ● bayas · ✦ reliquia · ◌ hueco del cierre
Tu base· ✓ Cerrada en 20:55 · 86t muro · 5 puerta(s)
Base de Lili· Abierta — flanco sin cerrar
Base de hllkydl· Abierta — flanco sin cerrar
Base de Dr. El Primo· Abierta — flanco sin cerrar
Base de antifrizman· Abierta — flanco sin cerrar
Base de Fringless· Abierta — flanco sin cerrar
Base de Spplashh· Abierta — flanco sin cerrar
Base de [Seth] Al0??· Abierta — hueco de 6t
Terreno inicial suavizado · ◌ = hueco del cierre detectado · pasá el cursor para detalles
Inputs por minuto
— azapoglan - - Lili
Build order — azapoglan
100 acciones detectadas en el replay
| 0:02 | Crear | Villager (Male) |
| 0:02 | Crear | Villager (Male) |
| 0:02 | Crear | Villager (Male) |
| 0:02 | Crear | Villager (Male) |
| 0:02 | Crear | Villager (Male) |
| 0:02 | Crear | Villager (Male) |
| 0:05 | Construir | House |
| 0:07 | Construir | House |
| 1:40 | Construir | Mill |
| 1:48 | Crear | Villager (Male) |
| 1:48 | Crear | Villager (Male) |
| 2:37 | Crear | Villager (Male) |
| 3:11 | Crear | Villager (Male) |
| 3:11 | Crear | Villager (Male) |
| 4:04 | Crear | Villager (Male) |
| 4:04 | Crear | Villager (Male) |
| 4:17 | Construir | House |
| 4:53 | Crear | Villager (Male) |
| 4:53 | Crear | Villager (Male) |
| 4:53 | Crear | Villager (Male) |
| 5:17 | Crear | Villager (Male) |
| 5:17 | Crear | Villager (Male) |
| 5:36 | Crear | Villager (Male) |
| 5:36 | Crear | Villager (Male) |
| 6:01 | Crear | Villager (Male) |
| 6:02 | Crear | Villager (Male) |
| 6:45 | Crear | Villager (Male) |
| 6:45 | Crear | Villager (Male) |
| 6:51 | Construir | House |
| 7:34 | Crear | Villager (Male) |
| 7:35 | Crear | Villager (Male) |
| 8:09 | Construir | Palisade Wall |
| 8:14 | Crear | Villager (Male) |
| 8:14 | Crear | Villager (Male) |
| 8:52 | Construir | Palisade Wall |
| 9:28 | Construir | Palisade Wall |
| 10:00 | Crear | Villager (Male) |
| 10:12 | Construir | Lumber Camp |
| 10:22 | Construir | Palisade Wall |
| 10:53 | Construir | Farm |
| 10:54 | Construir | Farm |
| 10:54 | Construir | Farm |
| 10:55 | Construir | Farm |
| 10:55 | Construir | Farm |
| 11:06 | Construir | Palisade Wall |
| 11:11 | Investigar | Feudal Age |
| 11:35 | Construir | Palisade Wall |
| 11:46 | Construir | Palisade Wall |
| 11:56 | Construir | Palisade Wall |
| 12:07 | Crear | Villager (Male) |
| 12:07 | Crear | Villager (Male) |
| 12:08 | Crear | Villager (Male) |
| 12:09 | Crear | Villager (Male) |
| 12:47 | Construir | Palisade Gate |
| 13:05 | Construir | Palisade Gate |
| 13:21 | Edad | Edad Feudal |
| 13:41 | Construir | House |
| 13:44 | Construir | House |
| 14:06 | Construir | Mining Camp |
| 14:11 | Construir | Farm |
| 14:35 | Construir | Palisade Gate |
| 14:42 | Construir | Palisade Gate |
| 14:52 | Construir | Palisade Gate |
| 15:28 | Crear | Villager (Male) |
| 15:29 | Crear | Villager (Male) |
| 15:29 | Crear | Villager (Male) |
| 15:29 | Crear | Villager (Male) |
| 15:30 | Crear | Villager (Male) |
| 15:45 | Construir | Barracks |
| 16:07 | Investigar | Double-Bit Axe |
| 16:38 | Construir | Market |
| 17:00 | Construir | Farm |
| 17:28 | Construir | Stable |
| 17:42 | Crear | Villager (Male) |
| 17:42 | Crear | Villager (Male) |
| 18:13 | Investigar | Bloodlines |
| 18:15 | Crear | Scout Cavalry |
| 18:15 | Crear | Scout Cavalry |
| 18:15 | Crear | Scout Cavalry |
| 18:16 | Crear | Scout Cavalry |
| 18:16 | Crear | Scout Cavalry |
| 18:28 | Crear | Villager (Male) |
| 18:28 | Crear | Villager (Male) |
| 18:36 | Construir | House |
| 18:37 | Construir | House |
| 19:06 | Construir | Blacksmith |
| 19:23 | Construir | Farm |
| 19:24 | Construir | Farm |
| 19:24 | Construir | Farm |
| 19:25 | Construir | Farm |
| 19:26 | Construir | Farm |
| 19:26 | Construir | Farm |
| 19:40 | Construir | House |
| 19:54 | Construir | Stable |
| 20:06 | Construir | Farm |
| 20:11 | Crear | Villager (Male) |
| 20:34 | Construir | Farm |
| 20:40 | Construir | Farm |
| 20:55 | Investigar | Castle Age |
| 21:04 | Construir | Farm |
Build order — Lili
88 acciones detectadas en el replay
| 0:05 | Construir | House |
| 0:05 | Investigar | Loom |
| 0:06 | Crear | Villager (Male) |
| 0:06 | Crear | Villager (Male) |
| 0:06 | Crear | Villager (Male) |
| 0:06 | Crear | Villager (Male) |
| 1:36 | Crear | Villager (Male) |
| 2:15 | Construir | Mill |
| 2:17 | Construir | House |
| 2:17 | Construir | House |
| 2:19 | Crear | Villager (Male) |
| 2:19 | Crear | Villager (Male) |
| 2:57 | Crear | Villager (Male) |
| 3:28 | Crear | Villager (Male) |
| 3:38 | Crear | Villager (Male) |
| 3:38 | Crear | Villager (Male) |
| 4:04 | Crear | Villager (Male) |
| 4:12 | Crear | Villager (Male) |
| 4:25 | Construir | House |
| 4:25 | Construir | House |
| 4:37 | Crear | Villager (Male) |
| 4:59 | Crear | Villager (Male) |
| 5:12 | Crear | Villager (Male) |
| 5:32 | Crear | Villager (Male) |
| 5:39 | Crear | Villager (Male) |
| 5:52 | Crear | Villager (Male) |
| 5:52 | Crear | Villager (Male) |
| 6:07 | Crear | Villager (Male) |
| 6:27 | Crear | Villager (Male) |
| 6:27 | Crear | Villager (Male) |
| 6:35 | Crear | Villager (Male) |
| 6:58 | Construir | Lumber Camp |
| 7:02 | Crear | Villager (Male) |
| 7:03 | Crear | Villager (Male) |
| 9:20 | Investigar | Feudal Age |
| 10:23 | Construir | Mining Camp |
| 10:54 | Construir | House |
| 10:55 | Construir | House |
| 10:55 | Construir | House |
| 11:04 | Crear | Villager (Male) |
| 11:05 | Crear | Villager (Male) |
| 11:05 | Crear | Villager (Male) |
| 11:05 | Crear | Villager (Male) |
| 11:06 | Crear | Villager (Male) |
| 11:07 | Crear | Villager (Male) |
| 11:07 | Crear | Villager (Male) |
| 11:07 | Crear | Villager (Male) |
| 11:31 | Crear | Villager (Male) |
| 11:43 | Construir | Farm |
| 11:44 | Construir | Farm |
| 11:45 | Construir | Farm |
| 11:46 | Construir | Farm |
| 11:47 | Construir | Farm |
| 11:48 | Construir | Farm |
| 11:49 | Construir | Farm |
| 11:50 | Construir | Farm |
| 11:53 | Edad | Edad Feudal |
| 12:21 | Construir | Barracks |
| 12:28 | Investigar | Double-Bit Axe |
| 13:06 | Investigar | Horse Collar |
| 13:45 | Construir | Stable |
| 14:03 | Construir | Farm |
| 14:03 | Construir | Farm |
| 14:26 | Construir | Farm |
| 14:35 | Construir | Farm |
| 14:43 | Construir | Farm |
| 14:56 | Crear | Scout Cavalry |
| 14:56 | Crear | Scout Cavalry |
| 14:56 | Crear | Scout Cavalry |
| 14:57 | Crear | Scout Cavalry |
| 14:57 | Crear | Scout Cavalry |
| 14:57 | Crear | Scout Cavalry |
| 14:57 | Crear | Scout Cavalry |
| 14:58 | Crear | Scout Cavalry |
| 15:14 | Construir | Blacksmith |
| 15:28 | Construir | Farm |
| 15:42 | Construir | Farm |
| 15:57 | Investigar | Scale Barding Armor |
| 16:01 | Construir | Farm |
| 16:04 | Investigar | Scale Mail Armor |
| 16:09 | Crear | Villager (Male) |
| 16:43 | Investigar | Forging |
| 17:17 | Crear | Scout Cavalry |
| 17:38 | Crear | Scout Cavalry |
| 17:57 | Construir | Stable |
| 19:33 | Construir | Mill |
| 20:35 | Construir | Lumber Camp |
| 21:00 | Construir | Lumber Camp |
Build order — hllkydl
107 acciones detectadas en el replay
| 0:04 | Construir | House |
| 0:06 | Construir | House |
| 0:07 | Crear | Villager (Male) ×4 |
| 1:29 | Crear | Villager (Male) |
| 2:00 | Construir | Lumber Camp |
| 2:04 | Crear | Villager (Male) |
| 2:04 | Crear | Villager (Male) |
| 2:34 | Crear | Villager (Male) |
| 2:34 | Crear | Villager (Male) |
| 3:04 | Crear | Villager (Male) |
| 3:27 | Crear | Villager (Male) |
| 3:41 | Construir | House |
| 4:04 | Crear | Villager (Male) |
| 4:18 | Construir | House |
| 5:24 | Crear | Villager (Male) |
| 5:24 | Crear | Villager (Male) |
| 5:25 | Crear | Villager (Male) |
| 5:25 | Crear | Villager (Male) |
| 5:58 | Construir | Mill |
| 6:41 | Crear | Villager (Male) |
| 6:41 | Crear | Villager (Male) |
| 6:42 | Crear | Villager (Male) |
| 6:42 | Crear | Villager (Male) |
| 6:42 | Crear | Villager (Male) |
| 6:42 | Crear | Villager (Male) |
| 6:43 | Crear | Villager (Male) |
| 6:50 | Crear | Villager (Male) |
| 6:51 | Investigar | Loom |
| 7:06 | Construir | House |
| 7:09 | Construir | House |
| 8:00 | Investigar | Feudal Age |
| 8:14 | Construir | Barracks |
| 8:46 | Construir | House |
| 8:55 | Construir | Palisade Wall |
| 9:03 | Construir | Palisade Wall |
| 9:14 | Crear | Villager (Male) |
| 9:14 | Crear | Villager (Male) |
| 9:21 | Construir | Palisade Wall |
| 9:36 | Crear | Villager (Male) |
| 9:54 | Construir | House |
| 10:10 | Edad | Edad Feudal |
| 10:22 | Construir | Stable |
| 10:34 | Construir | Farm |
| 10:35 | Construir | Farm |
| 10:40 | Construir | Farm |
| 10:43 | Crear | Villager (Male) |
| 11:03 | Construir | Palisade Wall |
| 11:07 | Construir | Palisade Wall |
| 11:20 | Crear | Scout Cavalry |
| 11:20 | Crear | Scout Cavalry |
| 11:27 | Crear | Villager (Male) |
| 11:27 | Crear | Villager (Male) |
| 11:37 | Construir | Blacksmith |
| 12:00 | Crear | Villager (Male) |
| 12:05 | Construir | Farm |
| 12:06 | Construir | Farm |
| 12:06 | Construir | Farm |
| 12:38 | Construir | Palisade Wall |
| 12:45 | Construir | Palisade Gate |
| 12:57 | Construir | Farm |
| 13:00 | Crear | Villager (Male) |
| 13:14 | Crear | Villager (Male) |
| 13:14 | Crear | Villager (Male) |
| 13:28 | Crear | Scout Cavalry |
| 13:44 | Construir | Farm |
| 13:44 | Construir | Farm |
| 13:44 | Construir | Farm |
| 13:53 | Crear | Villager (Male) |
| 14:01 | Construir | Farm |
| 14:01 | Construir | Farm |
| 14:05 | Construir | Farm |
| 14:05 | Construir | Farm |
| 15:15 | Crear | Villager (Male) |
| 15:16 | Crear | Villager (Male) |
| 15:16 | Crear | Villager (Male) |
| 15:27 | Crear | Villager (Male) |
| 15:31 | Construir | Farm |
| 15:36 | Crear | Villager (Male) |
| 15:36 | Crear | Villager (Male) |
| 15:40 | Construir | Farm |
| 15:54 | Crear | Scout Cavalry |
| 15:54 | Crear | Scout Cavalry |
| 16:16 | Investigar | Scale Barding Armor |
| 16:44 | Construir | Mining Camp |
| 17:25 | Crear | Scout Cavalry |
| 17:25 | Crear | Scout Cavalry |
| 17:27 | Crear | Villager (Male) |
| 17:27 | Crear | Villager (Male) |
| 17:32 | Construir | Farm |
| 17:32 | Construir | Farm |
| 17:32 | Construir | Farm |
| 17:32 | Construir | Farm |
| 17:33 | Construir | Farm |
| 17:33 | Construir | Farm |
| 17:40 | Construir | Farm |
| 17:40 | Construir | Farm |
| 18:22 | Crear | Villager (Male) |
| 18:23 | Crear | Villager (Male) |
| 18:30 | Construir | House |
| 18:31 | Construir | House |
| 18:32 | Construir | House |
| 18:47 | Construir | Farm |
| 18:48 | Construir | House |
| 19:10 | Crear | Scout Cavalry |
| 19:11 | Investigar | Bloodlines |
| 19:23 | Crear | Villager (Male) |
| 19:24 | Crear | Villager (Male) |
Build order — Dr. El Primo
59 acciones detectadas en el replay
| 0:04 | Construir | House |
| 0:08 | Crear | Villager (Male) ×4 |
| 0:08 | Crear | Villager (Male) ×4 |
| 1:13 | Crear | Villager (Male) |
| 1:58 | Crear | Villager (Male) |
| 2:15 | Crear | Villager (Male) |
| 2:15 | Crear | Villager (Male) |
| 2:56 | Crear | Villager (Male) |
| 3:08 | Crear | Villager (Male) |
| 3:23 | Construir | Barracks |
| 3:56 | Crear | Villager (Male) |
| 3:56 | Crear | Villager (Male) |
| 4:05 | Crear | Villager (Male) |
| 4:05 | Crear | Villager (Male) |
| 4:50 | Construir | Settlement |
| 5:04 | Construir | Settlement |
| 5:20 | Construir | Settlement |
| 5:28 | Crear | Villager (Male) |
| 5:28 | Crear | Villager (Male) |
| 5:39 | Crear | Unit 2550 |
| 5:39 | Crear | Unit 2550 |
| 5:39 | Crear | Unit 2550 |
| 6:18 | Crear | Unit 2550 |
| 6:33 | Crear | Villager (Male) |
| 6:33 | Crear | Villager (Male) |
| 6:54 | Crear | Villager (Male) |
| 7:15 | Crear | Villager (Male) |
| 7:15 | Crear | Villager (Male) |
| 7:16 | Crear | Villager (Male) |
| 8:05 | Construir | Settlement |
| 8:17 | Crear | Unit 2550 |
| 8:17 | Crear | Unit 2550 |
| 8:22 | Crear | Villager (Male) |
| 8:23 | Crear | Villager (Male) |
| 8:50 | Construir | Settlement |
| 9:05 | Crear | Villager (Male) |
| 9:05 | Crear | Villager (Male) |
| 10:03 | Crear | Unit 2550 |
| 10:17 | Crear | Villager (Male) |
| 10:18 | Crear | Villager (Male) |
| 10:18 | Crear | Villager (Male) |
| 11:33 | Construir | Settlement |
| 11:40 | Investigar | Feudal Age |
| 12:07 | Crear | Villager (Male) |
| 12:07 | Crear | Villager (Male) |
| 12:22 | Construir | Farm |
| 12:25 | Construir | Farm |
| 12:29 | Construir | Farm |
| 12:32 | Construir | Farm |
| 13:21 | Construir | Farm |
| 13:48 | Construir | Farm |
| 13:50 | Edad | Edad Feudal |
| 13:52 | Construir | Farm |
| 13:56 | Construir | Farm |
| 14:26 | Crear | Spearman ×5 |
| 14:38 | Crear | Villager (Male) |
| 14:38 | Crear | Villager (Male) |
| 14:39 | Crear | Villager (Male) |
| 14:39 | Crear | Villager (Male) |
Build order — antifrizman
71 acciones detectadas en el replay
| 0:05 | Crear | Villager (Male) |
| 0:06 | Crear | Villager (Male) |
| 0:06 | Construir | House |
| 0:08 | Construir | House |
| 0:08 | Crear | Villager (Male) |
| 0:08 | Crear | Villager (Male) |
| 0:08 | Crear | Villager (Male) |
| 1:34 | Crear | Villager (Male) |
| 1:52 | Construir | Lumber Camp |
| 2:06 | Crear | Villager (Male) |
| 2:07 | Crear | Villager (Male) |
| 2:23 | Crear | Villager (Male) |
| 2:23 | Crear | Villager (Male) |
| 2:23 | Crear | Villager (Male) |
| 2:23 | Crear | Villager (Male) |
| 2:55 | Crear | Villager (Male) |
| 3:07 | Crear | Villager (Male) |
| 3:48 | Crear | Villager (Male) |
| 3:48 | Crear | Villager (Male) |
| 3:57 | Construir | House |
| 4:09 | Crear | Villager (Male) |
| 4:39 | Crear | Villager (Male) |
| 4:39 | Crear | Villager (Male) |
| 5:01 | Crear | Villager (Male) |
| 5:01 | Crear | Villager (Male) |
| 5:01 | Crear | Villager (Male) |
| 5:12 | Construir | Mill |
| 5:54 | Crear | Villager (Male) |
| 5:55 | Crear | Villager (Male) |
| 5:55 | Crear | Villager (Male) |
| 6:10 | Construir | House |
| 7:09 | Crear | Villager (Male) |
| 7:19 | Construir | Mining Camp |
| 7:27 | Crear | Villager (Male) |
| 7:54 | Investigar | Loom |
| 8:26 | Investigar | Feudal Age |
| 8:32 | Construir | Barracks |
| 9:21 | Construir | House |
| 9:58 | Construir | Farm |
| 10:22 | Crear | Villager (Male) |
| 10:36 | Edad | Edad Feudal |
| 10:42 | Investigar | Double-Bit Axe |
| 10:47 | Construir | Archery Range |
| 10:54 | Crear | Villager (Male) |
| 11:10 | Construir | Farm |
| 11:17 | Construir | Farm |
| 11:17 | Construir | Farm |
| 11:18 | Construir | Farm |
| 11:19 | Construir | Farm |
| 11:21 | Crear | Villager (Male) |
| 11:32 | Crear | Villager (Male) |
| 11:52 | Crear | Skirmisher |
| 11:52 | Crear | Skirmisher |
| 12:06 | Construir | House |
| 12:12 | Crear | Villager (Male) |
| 12:36 | Construir | Farm |
| 12:45 | Crear | Skirmisher |
| 12:46 | Crear | Skirmisher |
| 12:46 | Crear | Skirmisher |
| 12:56 | Crear | Villager (Male) |
| 13:01 | Construir | House |
| 13:07 | Crear | Villager (Male) |
| 13:08 | Crear | Villager (Male) |
| 13:44 | Construir | House |
| 13:48 | Construir | Blacksmith |
| 13:56 | Crear | Skirmisher |
| 14:10 | Construir | Farm |
| 14:14 | Crear | Villager (Male) |
| 14:14 | Crear | Villager (Male) |
| 14:42 | Crear | Villager (Male) |
| 15:12 | Construir | Farm |
Build order — Fringless
136 acciones detectadas en el replay
| 0:01 | Investigar | Loom |
| 0:03 | Construir | House |
| 0:05 | Construir | House |
| 0:11 | Crear | Villager (Male) |
| 0:11 | Crear | Villager (Male) |
| 0:12 | Crear | Villager (Male) |
| 1:53 | Crear | Villager (Male) |
| 2:07 | Construir | Lumber Camp |
| 2:10 | Crear | Villager (Male) |
| 2:10 | Crear | Villager (Male) |
| 3:30 | Crear | Villager (Male) |
| 3:32 | Crear | Villager (Male) |
| 3:39 | Construir | Mill |
| 4:26 | Crear | Villager (Male) |
| 4:36 | Crear | Villager (Male) |
| 4:56 | Crear | Villager (Male) |
| 5:01 | Construir | House |
| 5:33 | Crear | Villager (Male) |
| 6:11 | Crear | Villager (Male) |
| 6:13 | Crear | Villager (Male) |
| 6:13 | Crear | Villager (Male) |
| 6:13 | Crear | Villager (Male) |
| 6:17 | Construir | Mining Camp |
| 6:57 | Crear | Villager (Male) |
| 6:57 | Crear | Villager (Male) |
| 7:12 | Construir | House |
| 7:34 | Crear | Villager (Male) |
| 8:01 | Investigar | Feudal Age |
| 8:51 | Construir | House |
| 9:16 | Crear | Villager (Male) |
| 9:16 | Crear | Villager (Male) |
| 9:29 | Construir | Barracks |
| 9:34 | Construir | House |
| 10:11 | Edad | Edad Feudal |
| 10:22 | Construir | Archery Range |
| 10:28 | Construir | Archery Range |
| 10:32 | Crear | Villager (Male) |
| 10:32 | Crear | Villager (Male) |
| 10:44 | Construir | Palisade Gate |
| 10:52 | Crear | Villager (Male) |
| 10:52 | Crear | Villager (Male) |
| 10:58 | Investigar | Double-Bit Axe |
| 11:27 | Construir | Blacksmith |
| 11:40 | Construir | Blacksmith |
| 11:42 | Construir | House |
| 11:44 | Crear | Archer |
| 11:44 | Crear | Archer |
| 11:56 | Construir | House |
| 12:00 | Construir | Palisade Wall |
| 12:03 | Construir | Palisade Wall |
| 12:09 | Crear | Villager (Male) |
| 12:09 | Crear | Villager (Male) |
| 12:09 | Crear | Archer |
| 12:10 | Crear | Archer |
| 12:28 | Construir | House |
| 12:31 | Construir | Palisade Wall |
| 12:43 | Construir | Palisade Gate |
| 12:54 | Construir | Palisade Wall |
| 12:55 | Crear | Villager (Male) |
| 12:56 | Crear | Archer |
| 12:56 | Crear | Archer |
| 13:00 | Investigar | Fletching |
| 13:18 | Construir | Lumber Camp |
| 13:22 | Crear | Villager (Male) |
| 13:24 | Crear | Archer |
| 13:28 | Construir | Farm |
| 13:40 | Crear | Archer |
| 13:41 | Crear | Villager (Male) |
| 14:00 | Construir | Farm |
| 14:02 | Construir | Farm |
| 14:23 | Crear | Archer |
| 14:24 | Crear | Archer |
| 14:34 | Construir | House |
| 14:39 | Crear | Villager (Male) |
| 14:40 | Crear | Villager (Male) |
| 14:45 | Crear | Archer |
| 14:45 | Crear | Archer |
| 15:09 | Construir | House |
| 15:09 | Crear | Archer |
| 15:09 | Crear | Archer |
| 15:24 | Crear | Villager (Male) |
| 15:24 | Crear | Villager (Male) |
| 15:34 | Crear | Villager (Male) |
| 15:39 | Construir | Farm |
| 15:43 | Construir | Farm |
| 15:47 | Construir | Farm |
| 15:47 | Crear | Villager (Male) |
| 15:59 | Construir | Farm |
| 16:01 | Construir | Farm |
| 16:10 | Crear | Archer |
| 16:11 | Crear | Archer |
| 16:20 | Crear | Archer |
| 16:20 | Crear | Archer |
| 16:24 | Crear | Archer |
| 16:27 | Crear | Villager (Male) |
| 16:27 | Crear | Villager (Male) |
| 16:52 | Crear | Archer |
| 16:52 | Crear | Archer |
| 16:55 | Crear | Villager (Male) |
| 16:56 | Crear | Villager (Male) |
| 16:56 | Crear | Villager (Male) |
| 17:04 | Investigar | Horse Collar |
| 17:26 | Crear | Archer |
| 17:26 | Crear | Archer |
| 17:27 | Crear | Villager (Male) |
| 17:32 | Construir | Farm |
| 17:34 | Construir | Farm |
| 17:35 | Construir | Farm |
| 17:43 | Construir | Farm |
| 17:46 | Crear | Villager (Male) |
| 17:46 | Crear | Villager (Male) |
| 18:12 | Construir | Farm |
| 18:12 | Crear | Villager (Male) |
| 18:12 | Crear | Villager (Male) |
| 18:12 | Crear | Villager (Male) |
| 18:14 | Crear | Archer |
| 18:14 | Crear | Archer |
| 18:52 | Crear | Archer |
| 18:53 | Crear | Archer |
| 18:53 | Crear | Archer |
| 19:12 | Crear | Archer |
| 19:22 | Crear | Archer |
| 19:32 | Crear | Villager (Male) |
| 19:32 | Crear | Villager (Male) |
| 19:42 | Construir | House |
| 19:43 | Construir | House |
| 19:52 | Construir | Archery Range |
| 20:02 | Investigar | Gold Mining |
| 20:08 | Construir | Farm |
| 20:08 | Construir | Farm |
| 20:11 | Construir | House |
| 20:12 | Crear | Archer |
| 20:28 | Crear | Archer |
| 20:28 | Crear | Archer |
| 20:54 | Crear | Archer |
| 20:55 | Crear | Archer |
Build order — Spplashh
82 acciones detectadas en el replay
| 0:06 | Construir | House |
| 0:07 | Construir | House |
| 0:14 | Crear | Villager (Male) |
| 0:14 | Crear | Villager (Male) |
| 0:18 | Crear | Villager (Male) |
| 0:18 | Crear | Villager (Male) |
| 0:50 | Crear | Villager (Male) |
| 0:51 | Crear | Villager (Male) |
| 1:08 | Construir | House |
| 1:11 | Construir | House |
| 1:12 | Construir | House |
| 1:39 | Crear | Villager (Male) |
| 1:39 | Crear | Villager (Male) |
| 2:13 | Construir | House |
| 2:19 | Crear | Villager (Male) |
| 2:47 | Crear | Villager (Male) |
| 3:00 | Crear | Villager (Male) |
| 3:01 | Crear | Villager (Male) |
| 3:31 | Crear | Villager (Male) |
| 4:00 | Crear | Villager (Male) |
| 4:00 | Crear | Villager (Male) |
| 4:00 | Crear | Villager (Male) |
| 4:28 | Construir | Mill |
| 4:52 | Crear | Villager (Male) |
| 4:52 | Crear | Villager (Male) |
| 5:23 | Crear | Villager (Male) |
| 5:24 | Crear | Villager (Male) |
| 6:01 | Crear | Villager (Male) |
| 6:02 | Crear | Villager (Male) |
| 6:25 | Crear | Villager (Male) |
| 6:25 | Crear | Villager (Male) |
| 6:52 | Construir | Lumber Camp |
| 6:59 | Crear | Villager (Male) |
| 7:00 | Crear | Villager (Male) |
| 7:16 | Crear | Villager (Male) |
| 7:43 | Crear | Villager (Male) |
| 7:43 | Crear | Villager (Male) |
| 7:43 | Crear | Villager (Male) |
| 7:44 | Crear | Villager (Male) |
| 7:44 | Crear | Villager (Male) |
| 7:45 | Crear | Villager (Male) |
| 7:45 | Crear | Villager (Male) |
| 8:05 | Crear | Villager (Male) |
| 9:13 | Construir | Farm |
| 9:32 | Construir | Farm |
| 9:37 | Construir | Farm |
| 9:55 | Crear | Villager (Male) |
| 10:02 | Construir | Mining Camp |
| 10:24 | Investigar | Feudal Age |
| 10:38 | Construir | Farm |
| 10:42 | Construir | Farm |
| 10:46 | Construir | Farm |
| 10:49 | Construir | Farm |
| 10:53 | Construir | Farm |
| 10:57 | Construir | Farm |
| 11:04 | Construir | Farm |
| 11:12 | Construir | House |
| 11:15 | Construir | House |
| 11:18 | Construir | House |
| 11:20 | Construir | House |
| 12:14 | Crear | Villager (Male) |
| 12:15 | Crear | Villager (Male) |
| 12:15 | Crear | Villager (Male) |
| 12:15 | Crear | Villager (Male) |
| 12:16 | Crear | Villager (Male) |
| 12:16 | Crear | Villager (Male) |
| 12:16 | Crear | Villager (Male) |
| 12:16 | Crear | Villager (Male) |
| 12:17 | Crear | Villager (Male) |
| 12:17 | Crear | Villager (Male) |
| 12:28 | Edad | Edad Feudal |
| 13:04 | Construir | Blacksmith |
| 13:08 | Construir | Market |
| 13:19 | Crear | Villager (Male) |
| 13:38 | Construir | Market |
| 13:44 | Construir | Farm |
| 14:20 | Construir | Farm |
| 14:29 | Construir | Barracks |
| 14:39 | Construir | Farm |
| 14:43 | Construir | Farm |
| 14:49 | Construir | Farm |
| 15:13 | Construir | Farm |
Build order — [Seth] Al0??
137 acciones detectadas en el replay
| 0:01 | Crear | Villager (Male) |
| 0:02 | Crear | Villager (Male) |
| 0:02 | Crear | Villager (Male) |
| 0:02 | Crear | Villager (Male) |
| 0:03 | Construir | House |
| 0:05 | Construir | House |
| 1:31 | Crear | Villager (Male) |
| 1:31 | Crear | Villager (Male) |
| 1:51 | Construir | Lumber Camp |
| 2:04 | Crear | Villager (Male) |
| 2:18 | Crear | Villager (Male) |
| 2:18 | Crear | Villager (Male) |
| 2:51 | Crear | Villager (Male) |
| 3:08 | Crear | Villager (Male) |
| 3:33 | Construir | House |
| 3:45 | Crear | Villager (Male) |
| 3:46 | Crear | Villager (Male) |
| 4:16 | Crear | Villager (Male) |
| 4:16 | Crear | Villager (Male) |
| 4:34 | Crear | Villager (Male) |
| 4:46 | Construir | Mill |
| 5:05 | Crear | Villager (Male) |
| 5:06 | Crear | Villager (Male) |
| 5:51 | Crear | Villager (Male) |
| 5:56 | Crear | Villager (Male) |
| 6:30 | Investigar | Loom |
| 7:12 | Investigar | Feudal Age |
| 7:20 | Construir | Mining Camp |
| 7:37 | Crear | Villager (Male) |
| 8:17 | Construir | Barracks |
| 8:26 | Construir | House |
| 9:03 | Construir | House |
| 9:22 | Edad | Edad Feudal |
| 9:31 | Construir | Archery Range |
| 9:45 | Crear | Villager (Male) |
| 10:00 | Crear | Villager (Male) |
| 10:05 | Construir | House |
| 10:11 | Crear | Archer |
| 10:12 | Crear | Archer |
| 10:15 | Crear | Villager (Male) |
| 10:24 | Construir | Palisade Wall |
| 10:31 | Crear | Archer |
| 10:34 | Construir | House |
| 10:37 | Construir | Palisade Wall |
| 10:40 | Construir | Palisade Wall |
| 10:42 | Construir | Palisade Wall |
| 10:45 | Crear | Archer |
| 10:49 | Crear | Spearman |
| 10:50 | Crear | Villager (Male) |
| 10:54 | Construir | House |
| 11:00 | Construir | Palisade Wall |
| 11:02 | Crear | Villager (Male) |
| 11:20 | Construir | House |
| 11:22 | Construir | Palisade Wall |
| 11:27 | Crear | Villager (Male) |
| 11:41 | Crear | Archer |
| 11:53 | Construir | Blacksmith |
| 11:58 | Crear | Villager (Male) |
| 12:07 | Crear | Villager (Male) |
| 12:09 | Construir | Farm |
| 12:19 | Construir | Palisade Wall |
| 12:22 | Crear | Spearman |
| 12:23 | Crear | Villager (Male) |
| 12:25 | Construir | Palisade Wall |
| 12:27 | Investigar | Double-Bit Axe |
| 12:31 | Construir | House |
| 12:32 | Construir | Palisade Wall |
| 12:37 | Crear | Villager (Male) |
| 12:40 | Crear | Archer |
| 12:55 | Crear | Villager (Male) |
| 13:07 | Construir | Farm |
| 13:20 | Construir | Farm |
| 13:28 | Construir | Palisade Gate |
| 13:42 | Crear | Archer |
| 13:49 | Crear | Villager (Male) |
| 14:05 | Construir | Farm |
| 14:07 | Construir | Farm |
| 14:08 | Construir | Farm |
| 14:09 | Construir | Farm |
| 14:20 | Crear | Archer |
| 14:26 | Crear | Villager (Male) |
| 14:53 | Crear | Villager (Male) |
| 15:05 | Construir | Farm |
| 15:05 | Construir | Farm |
| 15:06 | Construir | Farm |
| 15:06 | Construir | Farm |
| 15:06 | Construir | Farm |
| 15:15 | Crear | Archer |
| 15:17 | Crear | Villager (Male) |
| 15:36 | Construir | Lumber Camp |
| 15:46 | Crear | Archer |
| 15:46 | Crear | Villager (Male) |
| 15:55 | Crear | Archer |
| 16:02 | Investigar | Fletching |
| 16:02 | Investigar | Fletching |
| 16:10 | Crear | Archer |
| 16:20 | Construir | Farm |
| 16:21 | Investigar | Horse Collar |
| 16:30 | Construir | Farm |
| 16:31 | Crear | Villager (Male) |
| 16:40 | Crear | Archer |
| 16:43 | Crear | Villager (Male) |
| 16:46 | Construir | Farm |
| 17:00 | Crear | Villager (Male) |
| 17:08 | Construir | House |
| 17:15 | Crear | Archer |
| 17:16 | Crear | Villager (Male) |
| 17:27 | Investigar | Padded Archer Armor |
| 17:27 | Investigar | Padded Archer Armor |
| 17:36 | Crear | Archer |
| 17:52 | Crear | Villager (Male) |
| 18:00 | Crear | Villager (Male) |
| 18:18 | Crear | Archer |
| 18:24 | Crear | Villager (Male) |
| 18:29 | Construir | Market |
| 18:32 | Investigar | Gold Mining |
| 18:36 | Crear | Villager (Male) |
| 18:40 | Construir | Farm |
| 18:42 | Construir | Farm |
| 18:45 | Construir | Farm |
| 18:50 | Crear | Archer |
| 18:56 | Crear | Villager (Male) |
| 19:13 | Crear | Archer |
| 19:20 | Crear | Villager (Male) |
| 19:34 | Crear | Villager (Male) |
| 19:36 | Construir | House |
| 19:45 | Construir | Farm |
| 19:48 | Construir | Farm |
| 19:58 | Investigar | Wheelbarrow |
| 20:07 | Crear | Archer |
| 20:14 | Crear | Villager (Male) |
| 20:31 | Crear | Villager (Male) |
| 20:35 | Crear | Archer |
| 20:47 | Construir | House |
| 20:52 | Construir | Farm |
| 20:55 | Construir | Farm |
| 20:56 | Construir | Farm |
Cronología de la partida
| 3:23 | Dr. El Primo · first_building Barracks |
| 8:09 | azapoglan · wall_segment Palisade Wall x9 |
| 8:14 | hllkydl · first_building Barracks |
| 8:17 | [Seth] Al0?? · first_building Barracks |
| 8:32 | antifrizman · first_building Barracks |
| 8:52 | azapoglan · wall_segment Palisade Wall x8 |
| 8:55 | hllkydl · wall_segment Palisade Wall x9 |
| 9:03 | hllkydl · wall_segment Palisade Wall x1 |
| 9:21 | hllkydl · wall_segment Palisade Wall x1 |
| 9:22 | [Seth] Al0?? · age_up feudal |
| 9:28 | azapoglan · wall_segment Palisade Wall x10 |
| 9:29 | Fringless · first_building Barracks |
| 9:31 | [Seth] Al0?? · first_building Archery Range |
| 10:10 | hllkydl · age_up feudal |
| 10:11 | Fringless · age_up feudal |
| 10:22 | azapoglan · wall_segment Palisade Wall x10 |
| 10:22 | Fringless · first_building Archery Range |
| 10:22 | hllkydl · first_building Stable |
| 10:24 | [Seth] Al0?? · wall_segment Palisade Wall x10 |
| 10:36 | antifrizman · age_up feudal |
| 10:37 | [Seth] Al0?? · wall_segment Palisade Wall x3 |
| 10:40 | [Seth] Al0?? · wall_segment Palisade Wall x1 |
| 10:42 | [Seth] Al0?? · wall_segment Palisade Wall x1 |
| 10:47 | antifrizman · first_building Archery Range |
| 11:00 | [Seth] Al0?? · wall_segment Palisade Wall x19 |
| 11:03 | hllkydl · wall_segment Palisade Wall x3 |
| 11:06 | azapoglan · wall_segment Palisade Wall x4 |
| 11:07 | hllkydl · wall_segment Palisade Wall x10 |
| 11:22 | [Seth] Al0?? · wall_segment Palisade Wall x6 |
| 11:35 | azapoglan · wall_segment Palisade Wall x13 |
| 11:46 | azapoglan · wall_segment Palisade Wall x12 |
| 11:53 | Lili · age_up feudal |
| 11:56 | azapoglan · wall_segment Palisade Wall x21 |
| 12:00 | Fringless · wall_segment Palisade Wall x4 |
| 12:03 | Fringless · wall_segment Palisade Wall x9 |
| 12:19 | [Seth] Al0?? · wall_segment Palisade Wall x16 |
| 12:21 | Lili · first_building Barracks |
| 12:25 | [Seth] Al0?? · wall_segment Palisade Wall x1 |
| 12:28 | Spplashh · age_up feudal |
| 12:31 | Fringless · wall_segment Palisade Wall x10 |
| 12:32 | [Seth] Al0?? · wall_segment Palisade Wall x9 |
| 12:38 | hllkydl · wall_segment Palisade Wall x10 |
| 12:54 | Fringless · wall_segment Palisade Wall x6 |
| 13:21 | azapoglan · age_up feudal |
| 13:45 | Lili · first_building Stable |
| 13:50 | Dr. El Primo · age_up feudal |
| 14:29 | Spplashh · first_building Barracks |
| 15:12 | Dr. El Primo · resign |
| 15:45 | azapoglan · first_building Barracks |
| 17:28 | azapoglan · first_building Stable |
[ ANÁLISIS IA · 1 CRÉDITO ]
¿Qué pasó realmente en esta partida?
Wolo.gg analiza cada decisión: build order, eco, micro, errores típicos por bracket. Análisis personalizado por WhatsApp o Discord en 30 segundos.
Guía civ
Sarracenos
Perfil
Jugador #3577773